[Event "Turkish Super League 2019"]
[Site "Konya"]
[Date "2019.07.27"]
[Round "12"]
[White "Yaran, Siar"]
[Black "Demircioglu, Emre"]
[Result "1/2-1/2"]
[ECO "B31"]
[WhiteElo "2197"]
[BlackElo "2242"]
[Annotator "NA"]
[PlyCount "164"]
[EventDate "2019.07.17"]
[EventType "team-tourn"]
[EventCountry "TUR"]
[SourceTitle "playchess.com"]
[Source "ChessBase"]
[SourceQuality "1"]
[TimeControl "40/5400+30:1800+30"]

1. e4 c5 2. Na3 g6 3. Nf3 Bg7 4. c3 Nf6 5. e5 Nd5 6. d4 cxd4 7. Qxd4 Nc7 8. Qh4 h6 9. Qg3 Nc6 10. Bd3 d6 11. exd6 Qxd6 12. Qxd6 exd6 13. Nc4 d5 14. Nd6+ Ke7 15. Nxc8+ Raxc8 16. Be3 Ne6 17. Rd1 Rhd8 18. O-O d4 19. cxd4 Ncxd4 20. Nxd4 Nxd4 21. Rfe1 Kf8 22. Kf1 b6 23. Rd2 Ne6 24. Red1 Nc5 25. Bc2 Rxd2 26. Rxd2 Ne6 27. Ke2 h5 28. Ba4 Rc7 29. a3 Ke7 30. Bb5 Be5 31. g3 f5 32. f4 Bf6 33. b4 Nd8 34. Bd4 Bxd4 35. Rxd4 Ne6 36. Rc4 Rxc4 37. Bxc4 Nf8 38. Kd3 Nd7 39. Kd4 Nf6 40. Bd5 Ng4 41. h3 Nf6 42. Bc4 Ne4 43. g4 hxg4 44. hxg4 Nd6 45. gxf5 Nxf5+ 46. Ke5 Nd6 47. Bf1 Nf7+ 48. Kd5 g5 49. fxg5 Nxg5 50. Kc6 Kd8 51. Kb7 Ne4 52. Bd3 Nd6+ 53. Kxa7 Kc7 54. a4 Nc8+ 55. Ka6 Nd6 56. Bc2 Nc8 57. Be4 Ne7 58. Bg2 Nc8 59. Bd5 Ne7 60. Be4 Nc8 61. Bd5 Ne7 62. Be6 Nc6 63. b5 Nd4 64. Bg4 Nb3 65. Ka7 Nc5 66. Bd1 Nb7 67. Bb3 Nc5 68. Bc2 Nb7 69. Bd1 Nc5 70. a5 bxa5 71. b6+ Kd6 72. Bc2 Kc6 73. Ba4+ Kd6 74. Bb5 Ke7 75. Kb8 Kd8 76. Ka7 Kc8 77. Bc6 Kd8 78. Bb5 Kc8 79. Be8 Kd8 80. Bc6 Kc8 81. Ka8 Kd8 82. Kb8 a4 1/2-1/2

[Event "Turkish Super League 2019"]
[Site "Konya"]
[Date "2019.07.27"]
[Round "12"]
[White "Akdogan, Alperen"]
[Black "Ozer, Omer Faruk"]
[Result "1/2-1/2"]
[ECO "E06"]
[WhiteElo "2193"]
[BlackElo "2369"]
[Annotator "NA"]
[PlyCount "103"]
[EventDate "2019.07.17"]
[EventType "team-tourn"]
[EventCountry "TUR"]
[SourceTitle "playchess.com"]
[Source "ChessBase"]
[SourceQuality "1"]
[TimeControl "40/5400+30:1800+30"]

1. d4 Nf6 2. Nf3 e6 3. c4 b6 4. g3 c6 5. Bg2 Be7 6. O-O O-O 7. Nbd2 d5 8. Qc2 Bb7 9. e4 Na6 10. e5 Nd7 11. cxd5 Nb4 12. Qb3 cxd5 13. a3 Nc6 14. Re1 a5 15. Nf1 a4 16. Qd1 b5 17. h4 Na5 18. Rb1 Rc8 19. Bg5 h6 20. Bf4 Re8 21. Ne3 Nb3 22. h5 Nf8 23. Bf1 b4 24. Bd3 bxa3 25. bxa3 Rc3 26. Bb5 Bc6 27. Bxc6 Rxc6 28. Nd2 Nxd4 29. Bxh6 Nf5 30. Qxa4 Qa8 31. Qxa8 Rxa8 32. Nxf5 exf5 33. Be3 Ne6 34. Nf3 Rc7 35. Rec1 Rd7 36. a4 d4 37. Bd2 Rxa4 38. Rb8+ Rd8 39. Rxd8+ Bxd8 40. Kf1 Kh7 41. Rb1 Ra7 42. Ke2 Rd7 43. Rb5 Be7 44. Bb4 Bxb4 45. Rxb4 Kh6 46. Kd3 Kxh5 47. Nxd4 f4 48. gxf4 Kg4 49. Ke4 Nxd4 50. Rxd4 Rxd4+ 51. Kxd4 Kxf4 52. Kd5 1/2-1/2

[Event "Turkish Super League 2019"]
[Site "Konya"]
[Date "2019.07.27"]
[Round "12"]
[White "Karagollu, Ahmet"]
[Black "Safarli, Eltaj"]
[Result "1/2-1/2"]
[ECO "B51"]
[WhiteElo "2135"]
[BlackElo "2608"]
[Annotator "ChessBase"]
[PlyCount "113"]
[EventDate "2019.07.17"]
[EventType "team-tourn"]
[EventCountry "TUR"]
[SourceTitle "playchess.com"]
[Source "ChessBase"]
[SourceQuality "1"]
[TimeControl "40/5400+30:1800+30"]

1. e4 c5 2. Nf3 Nc6 3. Bb5 d6 4. Bxc6+ bxc6 5. O-O Bg4 6. h3 Bh5 7. Re1 e6 8. d3 Nf6 9. Nbd2 Be7 10. Nf1 Nd7 11. Ng3 Bg6 12. e5 d5 13. Ne2 a5 14. a4 Nb6 15. Nf4 c4 16. dxc4 Nxc4 17. b3 Nb6 18. Nd4 Qd7 19. Bd2 c5 20. Nxg6 hxg6 21. Nb5 Rh5 22. Re2 Nc8 23. Qe1 Na7 24. c4 Nc6 25. cxd5 exd5 26. e6 fxe6 27. Rxe6 Kf7 28. Re3 d4 29. Re4 Kg8 30. Qe2 d3 31. Qe3 Bg5 32. f4 Bf6 33. Re1 Rd5 34. Kh2 Nb4 35. Qf3 Rf8 36. Rd1 g5 37. Nc3 Rd4 38. Nb5 Rd5 39. Nc3 Rf5 40. Nb5 Be5 41. g3 Nc6 42. Bc1 gxf4 43. g4 R5f6 44. Rxd3 Bd4 45. Bb2 Qd5 46. Bxd4 cxd4 47. Nc7 Qf7 48. Nb5 Re8 49. Rxe8+ Qxe8 50. Nxd4 Ne5 51. Qd5+ Kh8 52. Rc3 f3 53. Nxf3 Nxf3+ 54. Rxf3 Qe2+ 55. Kg3 Qe1+ 56. Kg2 Qe2+ 57. Kg3 1/2-1/2

[Event "Turkish Super League 2019"]
[Site "Konya"]
[Date "2019.07.27"]
[Round "12"]
[White "Caglar, Ahmet Ata"]
[Black "Dolgun, Can"]
[Result "1/2-1/2"]
[ECO "E61"]
[WhiteElo "2051"]
[BlackElo "2064"]
[Annotator "NA"]
[PlyCount "175"]
[EventDate "2019.07.17"]
[EventType "team-tourn"]
[EventCountry "TUR"]
[SourceTitle "playchess.com"]
[Source "ChessBase"]
[SourceQuality "1"]
[TimeControl "40/5400+30:1800+30"]

1. d4 Nf6 2. c4 g6 3. Nc3 Bg7 4. Bg5 O-O 5. e3 d6 6. Nf3 Na6 7. Be2 Qe8 8. O-O e5 9. Rc1 h6 10. Bh4 g5 11. Bg3 Nh5 12. dxe5 Nxg3 13. hxg3 dxe5 14. Nd2 Be6 15. Qb3 Rb8 16. g4 c6 17. Nde4 Qe7 18. Rfd1 Rfd8 19. Ng3 Qb4 20. Qxb4 Nxb4 21. a3 Na6 22. Nce4 Bf8 23. Nf5 Nc7 24. g3 Ne8 25. Kg2 f6 26. Rh1 Kh7 27. Rh2 Kg6 28. Rhh1 b6 29. Rcd1 Bxf5 30. gxf5+ Kxf5 31. g4+ Ke6 32. Bf3 Rbc8 33. Rxd8 Rxd8 34. Ng3 Nd6 35. b3 Rc8 36. Rd1 a5 37. a4 Nb7 38. Be4 Rd8 39. Rxd8 Nxd8 40. Nf5 Kd7 41. Kf1 Nb7 42. Bc2 Nc5 43. Ke2 Ke6 44. Ng3 Na6 45. Nf5 Kd7 46. Kd2 Kc7 47. Bd3 Bb4+ 48. Ke2 Bf8 49. Kd2 Nc5 50. Kc3 Kd7 51. Bc2 Ke6 52. Ng3 Kf7 53. Nf5 Ke6 54. Ng3 Kd7 55. Nf5 Ne6 56. Kd2 Nd8 57. Be4 Nf7 58. Bc2 Ke6 59. Be4 Kd7 60. Bc2 Kc7 61. Bd3 Kb7 62. Be4 Nd8 63. Bd3 Ne6 64. Kc2 Nc5 65. Kc3 Ka6 66. Ng3 Ka7 67. Nf5 Kb8 68. Ng3 Nb7 69. Nf5 Nc5 70. Ng3 Na6 71. Nf5 Bb4+ 72. Kc2 Bf8 73. Kd2 Kc7 74. Bc2 Kd7 75. Be4 Nc5 76. Bc2 Kd8 77. Ng3 Kc7 78. Nf5 b5 79. cxb5 cxb5 80. Kc3 Kc6 81. Ng3 bxa4 82. bxa4 Kd5 83. f3 Nd7 84. Bb3+ Kc6 85. Bc4 Nb6 86. Bb5+ Kd6 87. Nf5+ Kc5 88. e4 1/2-1/2

[Event "Turkish Super League 2019"]
[Site "Konya"]
[Date "2019.07.27"]
[Round "12"]
[White "Aydin, Hakan Arda"]
[Black "Kamer, Kayra"]
[Result "0-1"]
[ECO "B43"]
[WhiteElo "1956"]
[BlackElo "2340"]
[Annotator "NA"]
[PlyCount "94"]
[EventDate "2019.07.17"]
[EventType "team-tourn"]
[EventCountry "TUR"]
[SourceTitle "playchess.com"]
[Source "ChessBase"]
[SourceQuality "1"]
[TimeControl "40/5400+30:1800+30"]

1. e4 c5 2. Nf3 e6 3. d4 cxd4 4. Nxd4 a6 5. Nc3 b5 6. a3 Bb7 7. Be3 Qc7 8. f3 Nf6 9. g4 h6 10. Qe2 d5 11. g5 hxg5 12. Bxg5 dxe4 13. fxe4 b4 14. axb4 Bxb4 15. Bd2 Bxc3 16. Bxc3 Nxe4 17. Ba5 Qf4 18. Bg2 Qh4+ 19. Kf1 Qf6+ 20. Nf3 Nd7 21. Kg1 Qxb2 22. Rd1 Rh5 23. Be1 Rc8 24. Nd4 Rg5 25. h4 Ng3 26. Bxg3 Rxg3 27. Rh2 Qb6 28. Kh1 Nf6 29. Qe5 Bxg2+ 30. Rxg2 Rxg2 31. Kxg2 Rc5 32. Qg3 Kf8 33. Rb1 Rxc2+ 34. Nxc2 Qxb1 35. Qd6+ Kg8 36. Ne3 Qe4+ 37. Kf2 Qxh4+ 38. Ke2 Qf2+ 39. Kd3 Qd2+ 40. Kxd2 Ne4+ 41. Kd3 Nxd6 42. Kc3 f5 43. Kb4 g5 44. Kc5 Ne4+ 45. Kb6 f4 46. Nf1 g4 47. Kxa6 g3 0-1

[Event "Turkish Super League 2019"]
[Site "Konya"]
[Date "2019.07.27"]
[Round "12"]
[White "Gurel, Ediz"]
[Black "Firat, Burak"]
[Result "0-1"]
[ECO "B56"]
[WhiteElo "1925"]
[BlackElo "2463"]
[Annotator "ChessBase"]
[PlyCount "92"]
[EventDate "2019.07.17"]
[EventType "team-tourn"]
[EventCountry "TUR"]
[SourceTitle "playchess.com"]
[Source "ChessBase"]
[SourceQuality "1"]
[TimeControl "40/5400+30:1800+30"]

1. e4 c5 2. Nf3 Nc6 3. d4 cxd4 4. Nxd4 Nf6 5. Nc3 d6 6. Nd5 Nxd5 7. exd5 Qa5+ 8. Bd2 Qxd5 9. Nb5 Qe6+ 10. Be2 Qd7 11. c4 Qd8 12. Bc3 a6 13. Nd4 Bd7 14. O-O e6 15. f4 Be7 16. Bf3 O-O 17. Qd2 Re8 18. Rad1 Bf8 19. b3 Rc8 20. Qb2 b5 21. cxb5 Nxd4 22. Bxd4 axb5 23. Bb7 Rb8 24. Bf3 Qa5 25. b4 Qa6 26. Rd3 d5 27. f5 exf5 28. Bxd5 Be6 29. Rg3 g6 30. Bxe6 Qxe6 31. a3 Qd5 32. Bc3 Re4 33. Qf2 Rbe8 34. Qb6 Bd6 35. Rgf3 h5 36. R3f2 Rb8 37. Qa7 Qc6 38. Rf3 Ra8 39. Qf2 Rxa3 40. Qb2 Ra8 41. Rh3 Rae8 42. Qd2 Re2 43. Qg5 Be7 44. Qg3 h4 45. Rxf5 Bxb4 46. Qf3 Qb6+ 0-1

[Event "Turkish Super League 2019"]
[Site "Konya"]
[Date "2019.07.28"]
[Round "13"]
[White "Esipenko, Andrey"]
[Black "Injac, Teodora"]
[Result "1-0"]
[ECO "E90"]
[WhiteElo "2621"]
[BlackElo "2305"]
[Annotator "RC"]
[PlyCount "67"]
[EventDate "2019.07.17"]
[EventType "team-tourn"]
[EventCountry "TUR"]
[SourceTitle "playchess.com"]
[Source "ChessBase"]
[SourceQuality "1"]
[TimeControl "40/5400+30:1800+30"]

1. d4 Nf6 2. c4 g6 3. Nc3 Bg7 4. e4 d6 5. h3 O-O 6. Be3 c5 7. Nf3 Qa5 8. Bd3 Nc6 9. d5 Nb4 10. Bb1 b5 11. cxb5 e6 12. dxe6 Bxe6 13. O-O Rfd8 14. Qc1 a6 15. bxa6 Qxa6 16. Bh6 Nd3 17. Bxd3 Qxd3 18. Rd1 Qc4 19. Bxg7 Kxg7 20. Ng5 Qb4 21. Nxe6+ fxe6 22. Qe3 e5 23. Rd2 Qb7 24. Rad1 Ra6 25. Qe2 Qc6 26. f4 exf4 27. e5 Ne8 28. exd6 Ra7 29. Qe5+ Nf6 30. Qxf4 Rad7 31. Re1 Rxd6 32. Re7+ Kf8 33. Rde2 Kg8 34. Qh6 1-0

[Event "Turkish Super League 2019"]
[Site "Konya"]
[Date "2019.07.28"]
[Round "13"]
[White "Rozum, Ivan"]
[Black "Demircioglu, Emre"]
[Result "1-0"]
[ECO "A49"]
[WhiteElo "2583"]
[BlackElo "2242"]
[Annotator "ChessBase"]
[PlyCount "59"]
[EventDate "2019.07.17"]
[EventType "team-tourn"]
[EventCountry "TUR"]
[SourceTitle "playchess.com"]
[Source "ChessBase"]
[SourceQuality "1"]
[TimeControl "40/5400+30:1800+30"]

1. Nf3 Nf6 2. g3 g6 3. b3 Bg7 4. Bb2 O-O 5. Bg2 d6 6. d4 Nbd7 7. O-O e5 8. dxe5 dxe5 9. Nxe5 Qe7 10. Nd3 Re8 11. Re1 c6 12. Nd2 Nb6 13. e4 Rd8 14. Qe2 h5 15. h3 Be6 16. Rad1 Ne8 17. Bxg7 Nxg7 18. f4 Qd7 19. Kh2 Qd4 20. Nf3 Qc3 21. Qf2 Qf6 22. Nc5 Rxd1 23. Rxd1 Qe7 24. a4 Bc8 25. e5 Bf5 26. Ng5 Ne6 27. Ngxe6 Bxe6 28. a5 Nd5 29. c4 Nb4 30. Rd6 1-0

[Event "Turkish Super League 2019"]
[Site "Konya"]
[Date "2019.07.28"]
[Round "13"]
[White "Dastan, Muhammed Batuhan"]
[Black "Mchedlishvili, Mikheil"]
[Result "1/2-1/2"]
[ECO "B92"]
[WhiteElo "2565"]
[BlackElo "2571"]
[Annotator "ChessBase"]
[PlyCount "97"]
[EventDate "2019.07.17"]
[EventType "team-tourn"]
[EventCountry "TUR"]
[SourceTitle "playchess.com"]
[Source "ChessBase"]
[SourceQuality "1"]
[TimeControl "40/5400+30:1800+30"]

1. e4 c5 2. Nf3 d6 3. d4 cxd4 4. Nxd4 Nf6 5. Nc3 a6 6. Be2 e5 7. Nb3 Be7 8. Qd3 O-O 9. O-O Be6 10. Nd5 Nxd5 11. exd5 Bc8 12. Be3 Nd7 13. c4 a5 14. Kh1 Bg5 15. Rac1 b6 16. Bg4 Bxe3 17. fxe3 Nc5 18. Nxc5 bxc5 19. Bxc8 Rxc8 20. e4 Qg5 21. Rc2 a4 22. Qh3 Qe7 23. Rc3 Rb8 24. b3 axb3 25. axb3 Ra8 26. Rcf3 Ra2 27. Qg4 Rfa8 28. Qf5 f6 29. h4 R2a7 30. h5 Qd7 31. Qxd7 Rxd7 32. h6 Rf7 33. Kh2 Raf8 34. hxg7 Kxg7 35. Rf5 Ra8 36. R1f3 Ra2 37. Kh3 Re2 38. Rg3+ Kf8 39. Rg4 Re3+ 40. Rf3 Rxf3+ 41. gxf3 Rb7 42. Rh4 Kg7 43. Rg4+ Kf7 44. Rh4 Rxb3 45. Kg3 Kg7 46. Rg4+ Kh8 47. Rh4 Kg7 48. Rg4+ Kf8 49. Rh4 1/2-1/2

[Event "Turkish Super League 2019"]
[Site "Konya"]
[Date "2019.07.28"]
[Round "13"]
[White "Visakh N R"]
[Black "Selbes, Tarik"]
[Result "1-0"]
[ECO "E81"]
[WhiteElo "2526"]
[BlackElo "2342"]
[Annotator "ChessBase"]
[PlyCount "73"]
[EventDate "2019.07.17"]
[EventType "team-tourn"]
[EventCountry "TUR"]
[SourceTitle "playchess.com"]
[Source "ChessBase"]
[SourceQuality "1"]
[TimeControl "40/5400+30:1800+30"]

1. d4 Nf6 2. c4 g6 3. Nc3 Bg7 4. e4 d6 5. f3 O-O 6. Be3 c5 7. Nge2 Qa5 8. Nc1 cxd4 9. Nb3 Qh5 10. Nxd4 Nc6 11. Be2 Nxd4 12. Bxd4 Be6 13. Qd2 Rfc8 14. b3 Qa5 15. Rb1 a6 16. O-O b5 17. b4 Qd8 18. cxb5 axb5 19. Bxb5 Ra3 20. Rfc1 h5 21. Kh1 Kh7 22. Qb2 Rcxc3 23. Rxc3 Rxa2 24. Qc1 Nxe4 25. Bxg7 Nf2+ 26. Kg1 Kxg7 27. Qe3 d5 28. Qd4+ f6 29. Bc4 Ra8 30. Be2 Bf5 31. Rbc1 Nh3+ 32. gxh3 Ra2 33. Bc4 Rb2 34. Rb3 Ra2 35. Re3 e5 36. Qxd5 Qb6 37. Qc5 1-0

[Event "Turkish Super League 2019"]
[Site "Konya"]
[Date "2019.07.28"]
[Round "13"]
[White "Annaberdiev, Meilis"]
[Black "Romanov, Evgeny"]
[Result "1-0"]
[ECO "C50"]
[WhiteElo "2515"]
[BlackElo "2582"]
[Annotator "ChessBase"]
[PlyCount "85"]
[EventDate "2019.07.17"]
[EventType "team-tourn"]
[EventCountry "TUR"]
[SourceTitle "playchess.com"]
[Source "ChessBase"]
[SourceQuality "1"]
[TimeControl "40/5400+30:1800+30"]

1. e4 e5 2. Nf3 Nc6 3. Bc4 Bc5 4. d3 Nf6 5. Bg5 h6 6. Bh4 Be7 7. Bg3 d6 8. a4 Bg4 9. h3 Bh5 10. c3 Nh7 11. Nbd2 Ng5 12. a5 a6 13. Qb3 Nxf3+ 14. Nxf3 Rb8 15. Nh2 O-O 16. Nf1 Bg5 17. Bh2 Ne7 18. h4 Bxh4 19. Bxe5 dxe5 20. Rxh4 Bg6 21. g3 Kh7 22. Ne3 f5 23. O-O-O f4 24. gxf4 exf4 25. Ng4 Nc6 26. Rdh1 Qg5 27. f3 Nxa5 28. Qa4 Nc6 29. Bd5 b5 30. Qc2 Ne7 31. Ba2 b4 32. cxb4 Rb6 33. Qg2 h5 34. d4 Ng8 35. Qf2 Nh6 36. Ne5 Be8 37. Qc2 Rxb4 38. Qc5 Ra4 39. Qxf8 Rxa2 40. Kb1 Bf7 41. Nxf7 Rxb2+ 42. Kxb2 Qb5+ 43. Kc3 1-0

[Event "Turkish Super League 2019"]
[Site "Konya"]
[Date "2019.07.28"]
[Round "13"]
[White "Lobanov, Sergei"]
[Black "Cansun, Can Alp"]
[Result "1-0"]
[ECO "B43"]
[WhiteElo "2505"]
[BlackElo "2121"]
[Annotator "ChessBase"]
[PlyCount "72"]
[EventDate "2019.07.17"]
[EventType "team-tourn"]
[EventCountry "TUR"]
[SourceTitle "playchess.com"]
[Source "ChessBase"]
[SourceQuality "1"]
[TimeControl "40/5400+30:1800+30"]

1. e4 c5 2. Nf3 e6 3. d4 cxd4 4. Nxd4 a6 5. Nc3 Qc7 6. Bd3 Nf6 7. f4 b5 8. e5 b4 9. Na4 Nd5 10. O-O Bb7 11. Be4 Nc6 12. Bxd5 exd5 13. Be3 Nxd4 14. Qxd4 Rc8 15. b3 Be7 16. Rac1 d6 17. c3 dxe5 18. fxe5 bxc3 19. Rxc3 Qb8 20. Rfc1 O-O 21. Nb6 Rxc3 22. Qxc3 d4 23. Bxd4 Qd8 24. Re1 Bh4 25. g3 Qg5 26. Qe3 Qg4 27. e6 Bxg3 28. hxg3 Qh5 29. exf7+ Kh8 30. Qf4 Bc6 31. Rf1 h6 32. Bxg7+ Kxg7 33. Qf6+ Kh7 34. Qxc6 Rxf7 35. Rxf7+ Qxf7 36. Qd7 Kg6 1-0

[Event "Turkish Super League 2019"]
[Site "Konya"]
[Date "2019.07.28"]
[Round "13"]
[White "Esen, Baris"]
[Black "Rasulov, Vugar"]
[Result "1-0"]
[ECO "B07"]
[WhiteElo "2478"]
[BlackElo "2534"]
[Annotator "ChessBase"]
[PlyCount "101"]
[EventDate "2019.07.17"]
[EventType "team-tourn"]
[EventCountry "TUR"]
[SourceTitle "playchess.com"]
[Source "ChessBase"]
[SourceQuality "1"]
[TimeControl "40/5400+30:1800+30"]

1. Nf3 g6 2. e4 Bg7 3. d4 d6 4. c3 Nd7 5. Bd3 e5 6. O-O Ngf6 7. Be3 O-O 8. Nbd2 Ng4 9. Bg5 f6 10. Bh4 h5 11. Ne1 Nh6 12. f3 Nf7 13. Nc2 Bh6 14. a4 Kg7 15. a5 a6 16. b4 Bg5 17. Bf2 h4 18. Ne3 Rh8 19. Qc2 Nf8 20. d5 Nh6 21. Rfd1 Qd7 22. c4 f5 23. h3 Bf4 24. c5 Qd8 25. exf5 Bxe3 26. Bxe3 Nxf5 27. Bf2 Nh7 28. Nc4 Ng5 29. cxd6 cxd6 30. Nb6 Rb8 31. Rac1 Kh6 32. Qd2 Bd7 33. f4 exf4 34. Qxf4 Bb5 35. Bxf5 gxf5 36. Bxh4 Kg6 37. Rd4 Qf6 38. Bxg5 Qxg5 39. Qxd6+ Qf6 40. Qg3+ Kh6 41. Rf4 Rbg8 42. Qf3 Kg6 43. Rc2 Qe5 44. Rf2 Rh5 45. g4 Rxh3 46. Qxh3 Rh8 47. Qg2 Qe1+ 48. Rf1 Qe3+ 49. R4f2 Rh3 50. gxf5+ Kh7 51. Qxh3+ 1-0

[Event "Turkish Super League 2019"]
[Site "Konya"]
[Date "2019.07.28"]
[Round "13"]
[White "Haznedaroglu, Kivanc"]
[Black "Soysal, Serkan"]
[Result "1-0"]
[ECO "C45"]
[WhiteElo "2448"]
[BlackElo "2431"]
[Annotator "NA"]
[PlyCount "55"]
[EventDate "2019.07.17"]
[EventType "team-tourn"]
[EventCountry "TUR"]
[SourceTitle "playchess.com"]
[Source "ChessBase"]
[SourceQuality "1"]
[TimeControl "40/5400+30:1800+30"]

1. e4 e5 2. Nf3 Nc6 3. d4 exd4 4. Nxd4 Bb4+ 5. c3 Be7 6. Bc4 d6 7. O-O Nf6 8. Re1 O-O 9. Bf4 Ne5 10. Bb3 c6 11. Bg3 Ng6 12. Nd2 Re8 13. h3 Bf8 14. f4 Nd7 15. Qh5 Nf6 16. Qf3 Nd7 17. Rad1 a5 18. a3 a4 19. Ba2 Nc5 20. Nc4 Qc7 21. e5 d5 22. f5 dxc4 23. e6 Nh4 24. Qg4 Bd6 25. Bxd6 Qxd6 26. exf7+ Kxf7 27. Bxc4+ Kf8 28. Ne6+ 1-0

[Event "Turkish Super League 2019"]
[Site "Konya"]
[Date "2019.07.28"]
[Round "13"]
[White "Daulyte-Cornette, Deimante"]
[Black "Caglar, Sila"]
[Result "1-0"]
[ECO "B40"]
[WhiteElo "2444"]
[BlackElo "2306"]
[Annotator "NA"]
[PlyCount "73"]
[EventDate "2019.07.17"]
[EventType "team-tourn"]
[EventCountry "TUR"]
[SourceTitle "playchess.com"]
[Source "ChessBase"]
[SourceQuality "1"]
[TimeControl "40/5400+30:1800+30"]

1. e4 c5 2. Nf3 e6 3. g3 d5 4. exd5 exd5 5. d4 Nc6 6. Bg2 Bg4 7. O-O Nxd4 8. Qe1+ Be7 9. Nxd4 cxd4 10. Qe5 Nf6 11. Qxd4 O-O 12. Nc3 Bf5 13. Re1 Bxc2 14. Bg5 h6 15. Rxe7 hxg5 16. Rxb7 Be4 17. Rxa7 Bxg2 18. Kxg2 Rb8 19. b4 Qd6 20. a3 Rfc8 21. Rd1 Qc6 22. Rd3 Ra8 23. b5 Qc4 24. Rxa8 Rxa8 25. a4 Rc8 26. Nxd5 Nxd5 27. Qxc4 Rxc4 28. Rxd5 Rxa4 29. Rxg5 Rb4 30. Kf3 g6 31. Ke3 Kg7 32. Re5 Kf6 33. f4 Rb2 34. Kd4 Rxh2 35. b6 Rg2 36. Rb5 Rd2+ 37. Ke4 1-0

[Event "Turkish Super League 2019"]
[Site "Konya"]
[Date "2019.07.28"]
[Round "13"]
[White "Mammadzada, Gunay"]
[Black "Yildiz Kadioglu, Betul Cemre"]
[Result "1/2-1/2"]
[ECO "C67"]
[WhiteElo "2427"]
[BlackElo "2290"]
[Annotator "NA"]
[PlyCount "89"]
[EventDate "2019.07.17"]
[EventType "team-tourn"]
[EventCountry "TUR"]
[SourceTitle "playchess.com"]
[Source "ChessBase"]
[SourceQuality "1"]
[TimeControl "40/5400+30:1800+30"]

1. e4 e5 2. Nf3 Nc6 3. Bb5 Nf6 4. O-O Nxe4 5. d4 Nd6 6. dxe5 Nxb5 7. a4 Nbd4 8. Nxd4 d5 9. Nxc6 bxc6 10. Nd2 Be7 11. Nb3 c5 12. Na5 Qd7 13. c4 d4 14. f4 Qg4 15. Qb3 O-O 16. Bd2 Qg6 17. Qf3 Bf5 18. Rae1 Rfe8 19. Nc6 Bf8 20. b3 h5 21. h3 h4 22. Kh2 Bd7 23. Na5 Bf5 24. Rg1 Qg3+ 25. Qxg3 hxg3+ 26. Kxg3 Rab8 27. Rc1 f6 28. Rge1 fxe5 29. Rxe5 Rxe5 30. fxe5 Rb6 31. b4 cxb4 32. c5 Re6 33. Bxb4 Rxe5 34. Nc6 Rd5 35. Nxa7 d3 36. Nb5 d2 37. Rd1 Bc2 38. Rxd2 Rxd2 39. Bxd2 Bxa4 40. Nxc7 Bxc5 41. Ne6 Be7 42. Bc3 g6 43. Be5 Kf7 44. Nd4 Bc5 45. Nf3 1/2-1/2

[Event "Turkish Super League 2019"]
[Site "Konya"]
[Date "2019.07.28"]
[Round "13"]
[White "Ertan, Can"]
[Black "Heberla, Bartlomiej"]
[Result "0-1"]
[ECO "B93"]
[WhiteElo "2396"]
[BlackElo "2534"]
[Annotator "ChessBase"]
[PlyCount "54"]
[EventDate "2019.07.17"]
[EventType "team-tourn"]
[EventCountry "TUR"]
[SourceTitle "playchess.com"]
[Source "ChessBase"]
[SourceQuality "1"]
[TimeControl "40/5400+30:1800+30"]

1. e4 c5 2. Nf3 d6 3. d4 cxd4 4. Nxd4 Nf6 5. Nc3 a6 6. Be2 Nbd7 7. f4 g6 8. O-O Bg7 9. Be3 O-O 10. a4 Re8 11. Bc4 e6 12. Ba2 b6 13. e5 dxe5 14. fxe5 Nxe5 15. Bg5 Bb7 16. Nxe6 fxe6 17. Qxd8 Raxd8 18. Rxf6 Bxf6 19. Bxf6 Rd2 20. Re1 Rxg2+ 21. Kf1 Ng4 22. Rxe6 Rxe6 23. Bxe6+ Kf8 24. Bxg4 Rxg4 25. Be5 Be4 26. Nxe4 Rxe4 27. Bc7 Rc4 0-1

[Event "Turkish Super League 2019"]
[Site "Konya"]
[Date "2019.07.28"]
[Round "13"]
[White "Yurtseven, Melih"]
[Black "Quparadze, Giga"]
[Result "1/2-1/2"]
[ECO "A30"]
[WhiteElo "2381"]
[BlackElo "2499"]
[Annotator "ChessBase"]
[PlyCount "102"]
[EventDate "2019.07.17"]
[EventType "team-tourn"]
[EventCountry "TUR"]
[SourceTitle "playchess.com"]
[Source "ChessBase"]
[SourceQuality "1"]
[TimeControl "40/5400+30:1800+30"]

1. Nf3 Nf6 2. g3 b6 3. Bg2 Bb7 4. b3 g6 5. Bb2 Bg7 6. c4 c5 7. O-O O-O 8. Nc3 Na6 9. d4 d5 10. dxc5 Nxc5 11. Nxd5 Nxd5 12. Bxg7 Kxg7 13. cxd5 Qxd5 14. Qxd5 Bxd5 15. Rfd1 Rfd8 16. Ne5 Bxg2 17. Kxg2 Rac8 18. Rac1 f6 19. Nf3 Kf7 20. Rxd8 Rxd8 21. b4 Ne6 22. Rc3 g5 23. Ra3 Rd7 24. h3 h5 25. e3 Rc7 26. Kf1 Rc4 27. b5 Rb4 28. Rxa7 Rxb5 29. a4 Rb1+ 30. Kg2 Rb2 31. a5 Nc5 32. axb6 Ne4 33. Nd4 Nxf2 34. Nf5 Nxh3+ 35. Kf3 g4+ 36. Ke4 Rxb6 37. Rxe7+ Kf8 38. Ra7 Ng5+ 39. Kd4 Rb4+ 40. Kc5 Re4 41. Ra8+ Kf7 42. Ra7+ Kf8 43. Ra8+ Re8 44. Rxe8+ Kxe8 45. Ng7+ Kf7 46. Nxh5 Kg6 47. Nf4+ Kf5 48. Kd5 Ne4 49. Ne2 Nd2 50. e4+ Kg5 51. Kd4 Nf3+ 1/2-1/2

[Event "Turkish Super League 2019"]
[Site "Konya"]
[Date "2019.07.28"]
[Round "13"]
[White "Buksa, Nataliya"]
[Black "Atalik, Ekaterina"]
[Result "0-1"]
[ECO "C92"]
[WhiteElo "2379"]
[BlackElo "2459"]
[Annotator "ChessBase"]
[PlyCount "108"]
[EventDate "2019.07.17"]
[EventType "team-tourn"]
[EventCountry "TUR"]
[SourceTitle "playchess.com"]
[Source "ChessBase"]
[SourceQuality "1"]
[TimeControl "40/5400+30:1800+30"]

1. e4 e5 2. Nf3 Nc6 3. Bb5 a6 4. Ba4 Nf6 5. O-O Be7 6. Re1 b5 7. Bb3 d6 8. c3 O-O 9. h3 Bb7 10. d4 Nd7 11. Nbd2 exd4 12. cxd4 Na5 13. Bc2 Re8 14. Nf1 Bf6 15. Rb1 c5 16. d5 Nc4 17. b3 Nce5 18. N3h2 Ng6 19. Ng3 b4 20. Nf5 Nb6 21. Bd2 Bc8 22. Qh5 Bxf5 23. Qxf5 a5 24. Ng4 Bd4 25. Be3 Bxe3 26. Rxe3 a4 27. h4 axb3 28. axb3 Ra2 29. Bd3 Qc8 30. Qh5 c4 31. bxc4 Nxc4 32. Bxc4 Qxc4 33. Reb3 Ra4 34. Qg5 h6 35. Qd2 Rxe4 36. Ne3 Qd4 37. Qc2 Qe5 38. Qc6 Ra1 39. Qc1 Rxb1 40. Qxb1 Rxh4 41. Rxb4 Qh2+ 42. Kf1 Rxb4 43. Qxb4 Nf4 44. Qb8+ Kh7 45. f3 Qh1+ 46. Kf2 Qc1 47. Qe8 Qd2+ 48. Kg3 Nh5+ 49. Kh2 Nf6 50. Qe7 Qd4 51. g3 Qd2+ 52. Kh3 Qe1 53. Kh2 Qe2+ 54. Kh3 Qxf3 0-1

[Event "Turkish Super League 2019"]
[Site "Konya"]
[Date "2019.07.28"]
[Round "13"]
[White "Can, Isik"]
[Black "Akdogan, Alperen"]
[Result "0-1"]
[ECO "B03"]
[WhiteElo "2374"]
[BlackElo "2193"]
[Annotator "NA"]
[PlyCount "60"]
[EventDate "2019.07.17"]
[EventType "team-tourn"]
[EventCountry "TUR"]
[SourceTitle "playchess.com"]
[Source "ChessBase"]
[SourceQuality "1"]
[TimeControl "40/5400+30:1800+30"]

1. e4 Nf6 2. e5 Nd5 3. d4 d6 4. c4 Nb6 5. exd6 exd6 6. Nc3 Be7 7. Bd3 O-O 8. Nge2 Bf6 9. O-O Nc6 10. b3 Bg4 11. Be3 Bh5 12. Qd2 Bg6 13. Bxg6 hxg6 14. g4 Re8 15. f4 d5 16. c5 Nc8 17. Rad1 Qd7 18. h3 b6 19. Kh1 bxc5 20. dxc5 N8e7 21. Bd4 Nxd4 22. Nxd4 Rad8 23. Qd3 Kh8 24. b4 Nc6 25. Nxc6 Qxc6 26. Nxd5 Rd7 27. Rd2 Red8 28. Rfd1 Rxd5 29. Qxd5 Rxd5 30. Rxd5 Qe6 0-1